 Dungeon Crawl Stone Soup version 0.32-a0-560-g4c7f4391e0 (webtiles) character file.

Game seed: 12987819940354595299

792 BeKind the Slasher (level 7, -1/93 HPs)
             Began as a Minotaur Berserker on Feb 29, 2024.
             Was a Priest of Trog.
             Slain by a steam dragon (4 damage)
             ... on level 6 of the Dungeon.
             The game lasted 00:07:10 (4562 turns).

BeKind the Slasher (Minotaur Berserker)             Turns: 4562, Time: 00:07:12

Health: -1/93      AC: 13    Str: 24    XL:     7   Next: 57%
Magic:  0/6        EV:  9    Int:  4    God:    Trog [***...]
Gold:   452        SH:  4    Dex:  9    Spells: 6/6 levels left

rFire   . . .        a - +0 falchion
rCold   + . .        p - +0 buckler
rNeg    . . .        m - +0 chain mail
rPois   +            (helmet restricted)
rElec   .            (no cloak)
rCorr   .            q - +2 pair of gloves of the Valley of Death {+Blink rPois}
SInv    .            (no boots)
Will    .....        k - amulet of guardian spirit Stlth
                     e - ring of protection from cold
HPRegen 0.35/turn    (no ring)
MPRegen 0.10/turn

%: guardian spirit
@: berserking, very quick
A: horns 2, retaliatory headbutt
a: Renounce Religion, Evoke Blink, Berserk, Trog's Hand


You were on level 6 of the Dungeon.
You worshipped Trog.
Trog was most pleased with you.
You visited 1 branch of the dungeon, and saw 6 of its levels.
You also visited: Ossuary.

You collected 452 gold pieces.

Inventory:

Hand Weapons
 a - a +0 falchion (weapon)
 E - the +3 spear "Upeurghud" {flame, *Rage rC+ rCorr Stlth+}
   (You found it on level 6 of the Dungeon)

   rC+:       It protects you from cold.
   *Rage:     It berserks you when you make melee attacks (+20% chance).
   rCorr:     It protects you from acid and corrosion.
   Stlth+:    It makes you more stealthy.
Armour
 b - a +0 animal skin
 m - a +0 chain mail (worn)
 p - a +0 buckler (worn)
 q - the +2 pair of gloves of the Valley of Death (worn) {+Blink rPois}
   (You found it on level 3 of the Dungeon)

   rPois:     It protects you from poison +Blink: It lets you blink.
Jewellery
 e - a ring of protection from cold (left hand)
 k - an amulet of guardian spirit (around neck)
Scrolls
 c - 4 scrolls of teleportation
 d - a scroll of blinking {unknown}
 f - 2 scrolls of immolation {unknown}
 g - a scroll of summoning
 h - a scroll of vulnerability
 t - 2 scrolls of fear {unknown}
 v - 2 scrolls of enchant weapon
 x - a scroll of torment
 y - a scroll of amnesia
 C - a scroll of silence
Potions
 i - 3 potions of might {unknown}
 j - 2 potions of heal wounds {unknown}
 l - a potion of berserk rage {unknown}
 n - 2 potions of brilliance {unknown}
 o - a potion of ambrosia {unknown}
 r - 5 potions of curing {unknown}
 s - a potion of enlightenment {unknown}
 u - 2 potions of mutation {unknown}
 w - 3 potions of resistance {unknown}
 z - a potion of cancellation {unknown}
 A - a potion of invisibility {unknown}
 B - a potion of degeneration {unknown}
 D - a potion of lignification {unknown}


   Skills:
 + Level 5.7 Fighting
 + Level 5.7 Long Blades
 + Level 4.9 Armour
 + Level 4.4 Dodging
 * Level 4.9 Shields


You had 6 spell levels left.
You didn't know any spells.
Your spell library contained the following spells:

 Spells                   Type           Power      Damage    Failure   Level
 Foxfire                  Conj/Fire      0%         2x1d4     98%         1
 Sigil of Binding         Hex            0%         N/A       100%        3
 Summon Blazeheart Golem  Fire/Summ      0%         N/A       100%        4
 Summon Mana Viper        Hex/Summ       0%         N/A       100%        5
 Starburst                Conj/Fire      0%         6d3       100%        6


Dungeon Overview and Level Annotations

Branches:
Dungeon (6/15)             Temple (0/1) D:5         Ossuary (visited)

Altars:
Ashenzari
Dithmenos
Sif Muna


Innate Abilities, Weirdness & Mutations

You have a pair of horns on your head.
You reflexively headbutt those who attack you in melee.


Message History

You hit the iguana but do no damage.
The iguana is lightly wounded.
You are engulfed in a cloud of scalding steam.
The iguana bites you but does no damage.
You hit the iguana. Your headbutt misses the iguana.
The iguana is moderately wounded.
You are engulfed in a cloud of scalding steam.
The iguana barely misses you.
You are too injured to fight recklessly!
You are too injured to fight recklessly!
You are too injured to fight recklessly!
You are too injured to fight recklessly!
You are too injured to fight recklessly!
You are too injured to fight recklessly!
You are too injured to fight recklessly!
You are too injured to fight recklessly!
You are too injured to fight recklessly!
You are too injured to fight recklessly!
You are too injured to fight recklessly!
You are too injured to fight recklessly!
You are too injured to fight recklessly!
You are too injured to fight recklessly!
You are too injured to fight recklessly!
You are too injured to fight recklessly!
You're standing in a cloud of steam!
Unknown command.
Okay, then.
Found 20 gold pieces.
The steam dragon breathes steam at you. The ball of steam hits you!
* * * LOW HITPOINT WARNING * * *
The iguana attacks as it pursues you! The iguana bites you!
* * * LOW HITPOINT WARNING * * *
A red film seems to cover your vision as you go berserk!
You feel yourself moving faster!
You feel mighty!
You are engulfed in a cloud of scalding steam.
* * * LOW HITPOINT WARNING * * *
The steam dragon closely misses you. You furiously retaliate!
You headbutt the steam dragon! The steam dragon claws you.
You die...

#..## ...............##..#..####
...# ...........##.......#....#
...##..#.......###........##..##
...............####........####
....#.##....#...# ####.##..#
....##......#...## #......#
.....# ..<..###..### ...(....#
......#.........D..##........#
.............#..@l...........#
............ #..§...........
.#.......# ##.§..#.....
.#........ .....#.....
##........ ....... ....
.......... ......... ...
.......... ....#....#####
.........>..####..$## #.<...###


You could see a steam dragon (catching breath) and an iguana.

Vanquished Creatures
  Eustachio (D:5)
  2 ice beasts (D:5)
  A centaur (D:6)
  Blork the orc (D:5)
  A howler monkey (D:5)
  2 iguanas
  8 mummies (Ossuary)
  5 adders
  3 dart slugs
  4 orcs (D:4)
  7 ball pythons
  11 bats
  5 endoplasms
  2 giant cockroaches
  9 goblins
  5 hobgoblins
  7 jackals
  A quokka (D:1)
  A frilled lizard (D:2)
  A goblin zombie (D:5)
  A hobgoblin zombie (Ossuary)
  8 kobolds
  5 kobold zombies (Ossuary)
  2 orc zombies (Ossuary)
  6 rats
99 creatures vanquished.

Notes
Turn   | Place    | Note
-------+----------+-------------------------------------------
     0 | D:1      | BeKind the Minotaur Berserker began the quest for the Orb.
     0 | D:1      | Reached XP level 1. HP: 19/19 MP: 0/0
   229 | D:1      | Reached XP level 2. HP: 27/27 MP: 1/1
   598 | D:1      | Found a faded altar of an unknown god.
   731 | D:1      | Reached XP level 3. HP: 33/33 MP: 2/2
  1084 | D:2      | Reached ** piety under Trog
  1722 | D:3      | Got the Precepts of Vexatious Wildfire
  1795 | D:3      | Found a shimmering blue altar of Sif Muna.
  1807 | D:3      | Identified the +2 pair of gloves of the Valley of Death
                  | {+Blink rPois}
  1816 | D:3      | Reached XP level 4. HP: 39/40 MP: 3/3
  2213 | D:4      | Reached skill level 1 in Shields
  2636 | D:5      | Entered Level 5 of the Dungeon
  2756 | D:5      | Found a shadowy altar of Dithmenos.
  2774 | D:5      | Reached XP level 5. HP: 47/47 MP: 4/4
  2803 | D:5      | Found a broken altar of Ashenzari.
  2859 | D:5      | Noticed Blork the orc
  2863 | D:5      | Found a staircase to the Ecumenical Temple.
  2869 | D:5      | Killed Blork the orc
  2908 | D:5      | Noticed Eustachio
  3121 | D:5      | Killed Eustachio
  3122 | D:5      | Reached skill level 5 in Fighting
  3122 | D:5      | Reached skill level 5 in Long Blades
  3122 | D:5      | Reached XP level 6. HP: 43/56 MP: 5/5
  3217 | D:5      | Found a sand-covered staircase.
  3224 | Ossuary  | Entered an ossuary
  3254 | Ossuary  | Reached *** piety under Trog
  3749 | D:5      | Noticed an ice beast
  3756 | D:5      | Killed an ice beast
  3757 | D:5      | Reached XP level 7. HP: 61/61 MP: 6/6
  4508 | D:6      | Identified the +3 spear "Upeurghud" {flame, *Rage rC+ rCorr
                  | Stlth+}
  4556 | D:6      | Noticed a steam dragon
  4562 | D:6      | HP: 2/93 [steam dragon] (12)]
  4562 | D:6      | Slain by a steam dragon

Illustrated notes

Levels and vault maps discovered:
D:1:      sevenhm_arrival_forest_fort_small_3, layout_basic,
          ebering_ecumenical_altar_ruins
D:2:      layout_loops_ring
D:3:      layout_basic, mainiacjoe_overflow_six_doors_small
D:4:      layout_cave_pools, serial_bayou_pond_c
D:5:      layout_basic, cheibrodos_ashenzari_chains,
          grunt_dithmenos_smoke_and_mirrors, temple_fountains, enter_ossuary_3,
          uniq_blork_the_orc, uniq_eustachio
D:6:      layout_cave_pools, general_overflow_altar, gup_sewer_entry_spiral

Skill      XL: |  1  2  3  4  5  6 |
---------------+-------------------+-----
Long Blades    | 4 5 |  5.7
Fighting       | 4 5 |  5.7
Armour         | 3 4 |  4.9
Dodging        | 3 4 |  4.4
Shields        | 1 3 4 |  4.9

Action                     |  1- 3 |  4- 6 |  7- 9 || total
---------------------------+-------+-------+-------++-------
  Melee: Falchion          |    84 |   152 |    27 ||   263
         Headbutt          |     8 |    38 |     4 ||    50
 Invoke: Berserk           |     1 |     6 |     1 ||     8
    Use: Scroll            |       |     7 |       ||     7
   Stab: Sleeping          |     1 |       |       ||     1
 Armour: Animal skin       |    39 |       |       ||    39
         Chain mail        |    12 |   109 |    31 ||   152
  Dodge: Dodged            |    66 |    74 |    18 ||   158
  Block: Buckler           |       |    23 |     9 ||    32

Table legend: (Time is in decaauts)
 A = Elapsed time spent in this place.
 B = Non-inter-level travel time spent in this place.
 C = Inter-level travel time spent in this place.
 D = Time resting spent in this place.
 E = Time spent auto-exploring this place.
 F = Levels seen in this place.
 G = Mean time per level.
                   A        B        C        D        E       F      G
               +--------+--------+--------+--------+--------+-----+--------+
         Total |   4648 |   4305 |    343 |    378 |   3222 |   7 |  664.0 |
       Dungeon |   4314 |   3971 |    343 |    331 |   3028 |   6 |  719.0 |
       Ossuary |    333 |    333 |      0 |     47 |    194 |   1 |  333.0 |
               +--------+--------+--------+--------+--------+-----+--------+

Top non-repeatable levels by time:
     D:5: 1267 daAuts
     D:1: 1029 daAuts
     D:2: 653 daAuts
     D:4: 627 daAuts
     D:3: 529 daAuts
 Ossuary: 333 daAuts
     D:6: 207 daAuts
